 Dungeon Crawl Stone Soup version 0.28-a0-32-g8dfe7f97f6 (webtiles) character file.

Game seed: 5261021845532302586

93 bande the Covered (level 4, -3/29 HPs)
             Began as a Gargoyle Fighter on July 27, 2021.
             Slain by a two-headed ogre (13 damage)
             ... on level 5 of the Dungeon.
             The game lasted 00:04:25 (2151 turns).

bande the Covered (Gargoyle Fighter)                Turns: 2151, Time: 00:04:26

Health: -3/29      AC: 10    Str: 20    XL:     4   Next: 61%
Magic:  4/4        EV:  7    Int:  8    God:
Gold:   74         SH: 10    Dex: 10    Spells: 3/3 levels left

rFire   . . .      SeeInvis .   a - +0 war axe
rCold   . . .      Faith    .   c - +1 kite shield
rNeg    + . .      Spirit   .   b - +0 scale mail
rPois   ∞          Reflect  .   (no helmet)
rElec   +          Harm     .   (no cloak)
rCorr   .          Rampage  .   (no gloves)
Will    .....                   (no boots)
Stlth   ..........              (no amulet)
HPRegen 0.09/turn               (no ring)
MPRegen 0.09/turn               (no ring)

@: no status effects
A: sickness immunity, AC +3, negative energy resistance 1, electricity
resistance, torment resistance 1, petrification resistance
a: no special abilities


You were on level 5 of the Dungeon.
You visited 1 branch of the dungeon, and saw 4 of its levels.

You collected 74 gold pieces.

Inventory:

Hand Weapons
 a - a +0 war axe (weapon)
Armour
 b - a +0 scale mail (worn)
 c - a +1 kite shield (worn)
Jewellery
 h - a ring of flight
 i - a ring of positive energy
Wands
 k - a wand of charming (9)
Scrolls
 f - a scroll of teleportation
Potions
 d - 2 potions of might
 e - a potion of flight {unknown}
 g - 3 potions of curing {unknown}
 j - a potion of brilliance {unknown}


   Skills:
 + Level 3.7 Fighting
 + Level 3.0 Axes
 + Level 3.9 Armour
 + Level 0.4 Dodging
 + Level 3.7 Shields


You had 3 spell levels left.
You didn't know any spells.
Your spell library was empty.

Dungeon Overview and Level Annotations

Branches:
Dungeon (3/15)

Altars:
Qazlal

Shops:
D:2 [   D:3 (


Innate Abilities, Weirdness & Mutations

You are immune to sickness and miasma.
Your stone body is resilient. (AC +3)
You are immune to poison.
You resist negative energy. (rN+)
You are resistant to electric shocks. (rElec)
You are resistant to unholy torment.
You are immune to petrification.


Message History

No target in view!
No target in view!
No target in view!
No target in view!
No target in view!
k - a wand of charming (9)
You now have 74 gold pieces (gained 4).
You see here a +0 leather armour.
You open the door.
There is an open door here.
You open the door.
Found Ebaossa's Antique Weapon Shoppe.
There is an open door here.
There is an entrance to Ebaossa's Antique Weapon Shoppe here.
You open the door.
There is an open door here.
You enter the shallow water.
Moving in this stuff is going to be slow.
You fall into a shaft and drop 2 floors!
The shaft crumbles and collapses.
A two-headed ogre comes into view.
It is wielding a +0 giant spiked club and a +0 giant club.
The two-headed ogre shouts in stereo!
Found a glowing pink potion and a dagger.
A centaur zombie comes into view.
You barely miss the centaur zombie.
The centaur zombie hits you but does no damage.
You block the centaur zombie's attack.
The centaur zombie hits you but does no damage.
The centaur zombie kicks you but does no damage.
You slash the two-headed ogre!
The two-headed ogre is lightly wounded.
You completely miss the centaur zombie.
The two-headed ogre hits you with a +0 giant spiked club!!
Ouch! That really hurt!
You block the two-headed ogre's attack.
The centaur zombie hits you but does no damage.
The centaur zombie barely misses you. You block the centaur zombie's attack.
The centaur zombie kicks you but does no damage.
The two-headed ogre hits you with a +0 giant spiked club!
You die...

..............
.............
............
...........#
...........#
...........####
#..!..Z.....)..
#.....@O......
############..


You could see a two-headed ogre and a centaur zombie.

Vanquished Creatures
  4 gnolls
  An adder (D:2)
  A worm (D:3)
  A dart slug (D:1)
  3 bats
  4 endoplasms (D:1)
  3 giant cockroaches
  2 goblins
  2 hobgoblins
  7 jackals (D:1)
  4 ball pythons
  5 kobolds
  2 rats
39 creatures vanquished.

Vanquished Creatures (others)
  A fungus (D:1)
  2 plants (D:2)
3 creatures vanquished.

Grand Total: 42 creatures vanquished

Notes
Turn   | Place    | Note
-------+----------+-------------------------------------------
     0 | D:1      | bande the Gargoyle Fighter began the quest for the Orb.
     0 | D:1      | Reached XP level 1. HP: 14/14 MP: 1/1
   441 | D:1      | Reached XP level 2. HP: 9/19 MP: 2/2
   778 | D:1      | Found a faded altar of an unknown god.
   862 | D:1      | Reached XP level 3. HP: 23/23 MP: 3/3
  1208 | D:2      | Found Hywos's Armour Shoppe.
  1465 | D:1      | Reached XP level 4. HP: 7/29 MP: 4/4
  2001 | D:2      | You fall into a shaft and drop 1 floor!
  2042 | D:3      | Found a stormy altar of Qazlal.
  2081 | D:3      | Found Ebaossa's Antique Weapon Shoppe.
  2149 | D:3      | You fall into a shaft and drop 2 floors!
  2149 | D:5      | Entered Level 5 of the Dungeon
  2149 | D:5      | Noticed a two-headed ogre
  2151 | D:5      | Slain by a two-headed ogre

Illustrated notes

Levels and vault maps discovered:
D:1:      minmay_arrival_stair_chambers, layout_rooms,
          shapermc_ecumenical_altar_mp_ritualfount, hex_tiny, chequers_avenue,
          minmay_pentomino_s4
D:2:      layout_loops_cross, serial_shops, shop, serial_bayou,
          serial_bayou_pond_a, serial_bayou_ford_a, serial_bayou_shore_b,
          serial_bayou_pond_d, uniq_sigmund, uniq_jessica
D:3:      layout_loops_corners, nicolae_qazlal_scattered_showers,
          general_overflow_altar, serial_shops, nicolae_shop_behind_doors,
          serial_undead, serial_undead_f, serial_undead_f, serial_undead_f,
          serial_undead_e, uniq_ijyb
D:5:      layout_layer_cave, minmay_temple_entry_hall

Skill      XL: |  1  2  3  4 |
---------------+-------------+-----
Axes           | 2 3 |  3.0
Fighting       | |  3.7
Armour         | |  3.9
Dodging        | |  0.4
Shields        | |  3.7

Action                   |  1- 3 |  4- 6 || total
-------------------------+-------+-------++-------
Melee: War axe           |    89 |    30 ||   119
  Use: Scroll            |     4 |       ||     4
Armor: Scale mail        |    68 |    15 ||    83
Dodge: Dodged            |    45 |    10 ||    55
Block: Kite shield       |    74 |    21 ||    95

Table legend: (Time is in decaauts)
 A = Elapsed time spent in this place.
 B = Non-inter-level travel time spent in this place.
 C = Inter-level travel time spent in this place.
 D = Time resting spent in this place.
 E = Time spent auto-exploring this place.
 F = Levels seen in this place.
 G = Mean time per level.
                   A        B        C        D        E       F      G
               +--------+--------+--------+--------+--------+-----+--------+
         Total |   2227 |   2227 |      0 |    939 |    933 |   4 |  556.8 |
       Dungeon |   2227 |   2227 |      0 |    939 |    933 |   4 |  556.8 |
               +--------+--------+--------+--------+--------+-----+--------+

Top non-repeatable levels by time:
     D:1: 1662 daAuts
     D:2: 412 daAuts
     D:3: 150 daAuts
     D:5: 2 daAuts
